 Dungeon Crawl Stone Soup version 0.23-a0-143-g1adec7b (webtiles) character file.

1830 mopl the Cleaver (level 9, -4/66 HPs)
             Began as a Formicid Monk on Sept 3, 2018.
             Slain by an orc warrior
             ... wielding a +0 glaive
              (9 damage)
             ... on level 8 of the Dungeon.
             The game lasted 00:10:55 (7014 turns).

mopl the Cleaver (Formicid Monk)                    Turns: 7014, Time: 00:10:55

Health: -4/66      AC: 11    Str: 19    XL:     9   Next: 32%
Magic:  9/9        EV: 12    Int: 10    God:
Gold:   393        SH:  0    Dex: 13    Spells: 8/8 levels left

rFire    + . .     SeeInvis +   u - +2 dagger (venom)
rCold    . . .     Gourm    .   (no shield)
rNeg     . . .     Faith    .   e - +0 ring mail
rPois    .         Spirit   .   (helmet unavailable)
rElec    .         Reflect  .   (no cloak)
rCorr    .         Harm     .   (no gloves)
MR       .....                  (no boots)
Stlth    +.........             (no amulet)
HPRegen  0.21/turn              K - ring of protection from fire
MPRegen  0.11/turn              w - +6 ring of protection {=R}

@: no status effects
A: permanent stasis, dig shafts and tunnels, four strong arms, antennae 3
a: Dig, Shaft Self


You were on level 8 of the Dungeon.
You were hungry.

You visited 2 branches of the dungeon, and saw 9 of its levels.

You collected 393 gold pieces.

Inventory:

Hand Weapons
 a - a +0 hand axe
 u - a +2 dagger of venom (weapon)
 G - a +0 shortbow
Missiles
 g - 131 arrows
 i - 16 bolts
 o - 2 throwing nets (quivered)
 x - 8 curare-tipped needles
 z - 7 javelins
 J - 11 poisoned needles
Armour
 b - a +0 robe
 e - a +0 ring mail (worn)
Magical Staves
 F - an uncursed staff of death {unknown}
Jewellery
 l - an uncursed ring of fire
 w - a +6 ring of protection (right hand) {=R}
 C - an uncursed ring of magical power
 K - a ring of protection from fire (left hand)
Wands
 v - a wand of random effects (22)
Scrolls
 d - 9 scrolls of teleportation
 f - a scroll of enchant armour {unknown}
 h - a scroll of blinking
 j - a scroll of random uselessness {unknown}
 m - 2 scrolls of remove curse
 n - 2 scrolls of enchant weapon {unknown}
 p - 3 scrolls of fear
 y - 4 scrolls of identify {unknown}
 B - a scroll of amnesia {unknown}
 E - 3 scrolls of fog {unknown}
Potions
 k - 2 potions of berserk rage {unknown}
 q - a potion of invisibility {unknown}
 r - a potion of mutation {unknown}
 s - a potion of flight {unknown}
 A - a potion of ambrosia {unknown}
 D - a potion of might {unknown}
 H - a potion of brilliance {unknown}
 I - 2 potions of curing
 M - a potion of haste {unknown}
Comestibles
 c - 21 rations


   Skills:
 + Level 4.7 Fighting
 * Level 10.9 Axes
 + Level 3.2 Armour
 - Level 2.6 Dodging
 - Level 2.4 Stealth


You had 8 spell levels left.
You didn't know any spells.
Your spell library contained the following spells:

 Spells                   Type           Power        Failure   Level  Hunger
 Confusing Touch          Hex            #.....       54%         1    ##.....
 Confuse                  Hex            #.......     88%         3    ####...
 Gell's Gravitas          Tloc           #.........   88%         3    ####...
 Petrify                  Tmut/Erth      #.......     99%         4    #####..
 Bolt of Magma            Conj/Fire/Erth #.........   100%        5    ######.
 Iskenderun's Battlesphe  Conj/Chrm      #.......     100%        5    ######.
 Metabolic Englaciation   Hex/Ice        #.........   100%        5    ######.
 Venom Bolt               Conj/Pois      #.........   100%        5    ######.
 Yara's Violent Unravell  Hex/Tmut       #.........   100%        5    ######.
 Iron Shot                Conj/Erth      #.........   100%        6    #######
 Orb of Destruction       Conj           #.........   100%        7    #######
 Spellforged Servitor     Conj/Summ      #.........   100%        7    #######


Dungeon Overview and Level Annotations

Branches:
Dungeon (7/15)             Temple (1/1) D:6

Altars:
Ashenzari
Cheibriados
Dithmenos
Elyvilon
Fedhas
Gozag
Hepliaklqana
Kikubaaqudgha
Makhleb
Okawaru
Ru
Sif Muna
Trog
Uskayaw
Vehumet
Wu Jian
Xom
Yredelemnul
Zin
The Shining One

Shops:
D:4 %

Annotations:
D:6 3 runed doors, vogonpoet's ghost, novice HOTm


Innate Abilities, Weirdness & Mutations

You cannot be hasted, slowed, berserked, paralysed or teleported.
You can dig through walls and to a lower floor.
Your four strong arms can wield two-handed weapons with a shield.
You have a pair of large antennae on your head. (SInv)


Message History

You hit the orc warrior but do no damage.
The orc warrior is moderately wounded.
You feel a bit more experienced. The orc warrior hits you with a glaive!
* * * LOW HITPOINT WARNING * * *
You hit the orc warrior but do no damage.
The orc warrior looks as sick as possible!
The orc warrior is moderately wounded.
The orc warrior hits you with a glaive!
* * * LOW HITPOINT WARNING * * *
You feel much better.
You hit the orc warrior but do no damage.
The orc warrior looks as sick as possible!
The orc warrior is severely wounded.
The orc warrior hits you with a glaive!!
* * * LOW HITPOINT WARNING * * *
You hit the orc warrior but do no damage.
The orc warrior looks as sick as possible!
The orc warrior is severely wounded.
The orc warrior hits you with a glaive!
You die...

######### #########
###.......##### ....#...# ##@#.#
#.......# ....#(..# #o##.#
#.#.###.# ....#...########{#.#
#.#.# ....#...##.........###.#.#
.#.
....#...##..........o..#)#.....
...>............................
....#...##........##.#####.#....
###.#...##........##..# .# ##
#.#...##........###.# #


You could see an orc warrior.

Vanquished Creatures
  Menkaure (D:5)
  A black bear (D:7)
  An ice beast (D:7)
  A phantom (D:6)
  3 ogres
  2 centaurs
  A bullfrog (D:6)
  4 crimson imps
  3 hounds
  2 jellies
  A gnoll shaman (D:5)
  4 orc priests
  4 orc wizards
  Jessica (D:3)
  An iguana (D:4)
  A worker ant (D:4)
  Terence (D:3)
  Robin (D:3)
  A howler monkey skeleton (D:6)
  7 gnolls
  9 adders
  A shadow imp (D:6)
  An ooze (D:4)
  3 adder skeletons
  An adder zombie (D:5)
  2 worms
  A dart slug (D:1)
  7 leopard geckos
  15 orcs
  6 bats
  6 giant cockroaches
  6 hobgoblins (D:3)
  11 jackals
  2 quokkas (D:2)
  3 ball pythons
  4 frilled lizards
  15 goblins
  7 kobolds
  A leopard gecko skeleton (D:4)
  A quokka skeleton (D:6)
  A rat (D:1)
144 creatures vanquished.

Notes
Turn   | Place    | Note
-------+----------+-------------------------------------------
     0 | D:1      | mopl the Formicid Monk began the quest for the Orb.
     0 | D:1      | Reached XP level 1. HP: 18/18 MP: 1/1
   175 | D:1      | You fall through a shaft!
   176 | D:2      | Found an ornate altar of the Wu Jian Council.
   176 | D:2      | Found an iron altar of Okawaru.
   203 | D:2      | Reached XP level 2. HP: 19/24 MP: 2/2
   350 | D:2      | Reached skill level 4 in Axes
   350 | D:2      | Reached XP level 3. HP: 27/29 MP: 3/3
   814 | D:2      | Reached XP level 4. HP: 33/35 MP: 4/4
  1162 | D:2      | Found a deep blue altar of Sif Muna.
  1264 | D:3      | Noticed Jessica
  1276 | D:3      | Killed Jessica
  1276 | D:3      | Reached skill level 5 in Axes
  1325 | D:3      | Reached XP level 5. HP: 27/41 MP: 5/5
  1788 | D:3      | You fall through a shaft!
  1994 | D:4      | Reached skill level 6 in Axes
  2046 | D:4      | Reached XP level 6. HP: 34/47 MP: 6/6
  2497 | D:4      | Reached skill level 7 in Axes
  2720 | D:4      | Found a white marble altar of Elyvilon.
  2777 | D:3      | Noticed Robin
  2796 | D:3      | Killed Robin
  3105 | D:3      | Noticed Terence
  3116 | D:3      | Killed Terence
  3116 | D:3      | Reached XP level 7. HP: 52/52 MP: 7/7
  3138 | D:3      | Found a glowing golden altar of the Shining One.
  3508 | D:4      | Found Nics's Food Boutique.
  3696 | D:4      | Reached skill level 8 in Axes
  3859 | D:5      | Entered Level 5 of the Dungeon
  3973 | D:5      | Noticed Menkaure
  4023 | D:5      | Killed Menkaure
  4372 | D:5      | Reached XP level 8. HP: 53/58 MP: 8/8
  4479 | D:4      | Reached skill level 9 in Axes
  5342 | D:6      | Found a shadowy altar of Dithmenos.
  5381 | D:6      | Reached skill level 10 in Axes
  5400 | D:6      | Found a runed gate.
  5400 | D:6      | Found a runed gate.
  5401 | D:6      | Found a runed gate.
  5406 | D:6      | Noticed vogonpoet's ghost (novice HOTm)
  5433 | D:6      | Found a burning altar of Makhleb.
  5461 | D:6      | Found a glowing silver altar of Zin.
  5462 | D:6      | Noticed an Executioner
  5462 | D:6      | Noticed an angel
  5576 | D:6      | Found a staircase to the Ecumenical Temple.
  5648 | D:6      | Reached skill level 1 in Armour
  5697 | Temple   | Entered the Ecumenical Temple
  5853 | D:6      | Found a hide-covered altar of Uskayaw.
  6251 | D:7      | Reached skill level 4 in Fighting
  6251 | D:7      | Reached skill level 2 in Armour
  6251 | D:7      | Reached XP level 9. HP: 31/65 MP: 9/9
  6687 | D:7      | You fall through a shaft!
  6709 | D:8      | Reached skill level 3 in Armour
  7011 | D:8      | HP: 3/66 [orc warrior/glaive (11)]
  7014 | D:8      | Slain by an orc warrior

Vault maps used:
D:1:      dpeg_arrival_stonehenge_12_columns
D:2:      lemuel_blue_sif_altar, gammafunk_temple_overflow_statue,
          kennysheep_generic_room_7
D:3:      nicolae_tso_swordbearing_angel, uniq_robin, uniq_jessica, uniq_terence
D:4:      elyvilon_altar_5, serial_shops, kennysheep_little_box
D:5:      first_ration, serial_glass, glass_columns_b, glass_columns_c,
          feat_on_display, due_unseen_surprise, feat_on_display,
          minmay_strange_pillars, uniq_menkaure
D:6:      grunt_temple_overflow_order_and_chaos_2,
          eat_drink_and_be_merry_uskayaw, temple_doors_ab,
          gammafunk_ghost_split, grunt_dithmenos_shadows
D:7:      grunt_ogre_cave
D:8:      nemelex_altar_shiori, uniq_erica
Temple:   nicolae_temple_hex_pool

Skill      XL: |  1  2  3  4  5  6  7  8  9 |
---------------+----------------------------+-----
Axes           | 4 5 6 7 8 10 | 10.9
Armour         | 2 3 |  3.2
Fighting       | 4 |  4.7
Dodging        | |  2.6
Stealth        | |  2.4

Action                   |  1- 3 |  4- 6 |  7- 9 || total
-------------------------+-------+-------+-------++-------
Melee: Hand axe          |    76 |   108 |   175 ||   359
       Dagger            |       |   118 |   221 ||   339
 Abil: Dig               |       |     2 |     6 ||     8
Evoke: Wand              |       |       |     4 ||     4
  Use: Potion            |       |       |     5 ||     5
       Scroll            |       |       |     4 ||     4
 Stab: Sleeping          |       |     1 |       ||     1
       Paralysed         |       |       |     2 ||     2
  Eat: Chunk             |       |     7 |    10 ||    17
       Ration            |       |       |     1 ||     1
Armor: Ring mail         |    40 |    80 |   153 ||   273
Dodge: Dodged            |    73 |   116 |   215 ||   404

Table legend:
 A = Non-vault XP
 B = Vault XP
 C = Vault XP percentage of total XP
 D = Non-vault monster count
 E = Vault monster count
 F = Vault count percentage of total count
                 A         B        C        D         E       F
            +---------+---------+-------+---------+---------+-------
      Total |    2090 |     525 |  20.1 |     127 |      17 |  11.8
            +---------+---------+-------+---------+---------+-------
        D:1 |      15 |       0 |   0.0 |       8 |       0 |   0.0
        D:2 |      75 |       2 |   2.6 |      26 |       1 |   3.7
        D:3 |     107 |     108 |  50.2 |      25 |      13 |  34.2
        D:4 |     461 |       0 |   0.0 |      23 |       0 |   0.0
        D:5 |     273 |     172 |  38.7 |      15 |       1 |   6.2
        D:6 |     584 |     127 |  17.9 |      17 |       1 |   5.6
        D:7 |     276 |     116 |  29.6 |       4 |       1 |  20.0
        D:8 |     299 |       0 |   0.0 |       9 |       0 |   0.0
            +---------+---------+-------+---------+---------+-------
